 Dungeon Crawl Stone Soup version 0.28-a0-1356-g2ad6d04315 (webtiles) character file.

Game seed: 9382203401958383232

17 croobank the Sneak (level 2, 0/14 HPs)
             Began as a Felid Delver on Dec 30, 2021.
             Succumbed to a kobold's poison
             ... on level 1 of the Dungeon.
             The game lasted 00:04:19 (837 turns).

croobank the Sneak (Felid Delver)                    Turns: 837, Time: 00:04:19

Health: 0/14       AC:  1    Str:  8    XL:     2   Next: 44%
Magic:  3/3        EV: 18    Int: 11    God:
Gold:   25         SH:  0    Dex: 17    Spells: 1/1 levels left
                                        Lives:  0   Deaths: 0

rFire   . . .      SeeInvis +     - Unarmed
rCold   . . .      Faith    .   (shield unavailable)
rNeg    . . .      Spirit   .   (armour unavailable)
rPois   .          Reflect  .   (helmet unavailable)
rElec   .          Harm     .   (cloak unavailable)
rCorr   .          Rampage  .   (gloves unavailable)
Will    .....                   (boots unavailable)
Stlth   ++++......              (no amulet)
HPRegen 0.04/turn               (no ring)
MPRegen 0.08/turn               (no ring)

@: lethally poisoned (0 -> -9), quick
A: very small, claws 1, fangs 3, see invisible, speed 1, shaggy fur 1, stealthy
paws, no weapons or thrown items, no armour, multi-lived
a: no special abilities


You were on level 1 of the Dungeon.
You visited 1 branch of the dungeon, and saw 5 of its levels.

You collected 25 gold pieces.

Inventory:

Wands
 e - a wand of digging (3)
Scrolls
 a - a scroll of fog
 b - a scroll of magic mapping
 c - a scroll of vulnerability {unknown}
 f - a scroll of immolation {unknown}


   Skills:
 + Level 3.2 Fighting
 + Level 3.1 Dodging
 + Level 6.8 Stealth
 + Level 2.3 Unarmed Combat


You had one spell level left.
You didn't know any spells.
Your spell library was empty.

Dungeon Overview and Level Annotations

Branches:
Dungeon (5/15)
 Temple: D:4-7

Altars:

Portals:
Sewer: D:3


Innate Abilities, Weirdness & Mutations

You have sharp claws.
You have razor-sharp teeth.
You have supernaturally acute eyesight. (SInv)
You cover ground quickly. (Speed+)
You are covered in fur. (AC +1)
Your paws help you pounce on unaware monsters.
You are incapable of wielding weapons or throwing items.
You cannot wear armour.
You gain extra lives every three experience levels.


Message History

The kobold is heavily wounded.
You feel sick.
The kobold hits you with a +1 short sword of venom.
* * * LOW HITPOINT WARNING * * *
* * * LOW HITPOINT WARNING * * *
You feel sick.
You feel yourself speed up.
* * * LOW HITPOINT WARNING * * *
You feel sick. The kobold closely misses you.
* * * LOW HITPOINT WARNING * * *
You feel sick.
You are no longer poisoned.
A kobold comes into view. It is wielding a +0 short sword.
A ball python comes into view.
An endoplasm comes into view.
Your extra speed is starting to run out.
Found a mace.
You start resting.
You feel yourself slow down.
You start resting.
A kobold is nearby!
The kobold shouts!
You scratch the kobold but do no damage.
You scratch the kobold.
The kobold is severely wounded.
The kobold completely misses you.
You scratch the kobold but do no damage.
The kobold is severely wounded.
The kobold hits you with a +1 short sword of venom!
Ouch! That really hurt!
You are lethally poisoned!
You closely miss the kobold.
The kobold is severely wounded.
* * * LOW HITPOINT WARNING * * *
You feel very sick. The kobold misses you.
Press: ? - help, v - describe, . - travel The floor.
You barely miss the kobold.
The kobold is severely wounded.
You die...

#######..# .........#
.......### ###
..###### J###.# ..#
..##)# ..# #.##.# ..#
..##.# ..# #.##.# ..#
#.##@# ..##
###.###.##K# ...
...........# .#
#######.#### .# #.##
######### .#
######..# #.....K..
.#
.........####.#....##
##
########.......≈≈≈...
#########
#.####.#.##≈≈.


You could see a kobold.

Vanquished Creatures
  A ball python (D:1)
  An endoplasm (D:1)
  A goblin (D:2)
  4 hobgoblins (D:1)
  A quokka (D:1)
  2 bats (D:1)
  3 kobolds (D:1)
  2 rats
15 creatures vanquished.

Notes
Turn   | Place    | Note
-------+----------+-------------------------------------------
     0 | D:5      | croobank the Felid Delver began the quest for the Orb.
     0 | D:5      | Reached XP level 1. HP: 10/10 MP: 2/2
    22 | D:5      | Noticed a centaur
    42 | D:4      | Noticed an ogre
    44 | D:4      | Noticed a two-headed ogre
    52 | D:4      | Noticed a phantom
    55 | D:3      | Found a glowing drain.
   427 | D:1      | Reached XP level 2. HP: 14/14 MP: 3/3
   837 | D:1      | Succumbed to a kobold's poison

Illustrated notes

Levels and vault maps discovered:
D:1:      dpeg_arrival_round_a, layout_loops_ring,
          dreamdust_ecumenical_altar_drowned_temple
D:2:      layout_rooms, grunt_ministairs_4
D:3:      layout_loops_ring, cheibrodos_sewer_entry_sluice,
          minmay_misc_feat_nine_boxes, amcnicky_mini_corridor_feature
D:4:      layout_gridville, minmay_misc_feat_more_columns,
          minmay_stone_trees_medium, minmay_starry_boxes
D:5:      layout_basic, nicolae_uskayaw_murder_on_the_dancefloor,
          columned_hall_lemuel

Skill      XL: |  1 |
---------------+----+-----
Dodging        | 3 |  3.1
Fighting       | |  3.2
Stealth        | |  6.8
Unarmed Combat | |  2.3

Action                   || total
-------------------------++-------
Melee: Unarmed           ||    35
       Bite              ||     2
  Use: Scroll            ||     1
       Potion            ||     1
 Stab: Sleeping          ||    10
Armor: Skin              ||     1
Dodge: Dodged            ||    14

Table legend: (Time is in decaauts)
 A = Elapsed time spent in this place.
 B = Non-inter-level travel time spent in this place.
 C = Inter-level travel time spent in this place.
 D = Time resting spent in this place.
 E = Time spent auto-exploring this place.
 F = Levels seen in this place.
 G = Mean time per level.
                   A        B        C        D        E       F      G
               +--------+--------+--------+--------+--------+-----+--------+
         Total |    756 |    756 |      0 |    483 |    106 |   5 |  151.2 |
       Dungeon |    756 |    756 |      0 |    483 |    106 |   5 |  151.2 |
               +--------+--------+--------+--------+--------+-----+--------+

Top non-repeatable levels by time:
     D:1: 519 daAuts
     D:2: 186 daAuts
     D:5: 25 daAuts
     D:4: 21 daAuts
     D:3: 3 daAuts
